 Dungeon Crawl Stone Soup version 0.27-a0-1184-ge86db4a01e (webtiles) character file.

Game seed: 11563765842434863805

163 leviel the Chopper (level 5, -2/45 HPs)
             Began as a Minotaur Fighter on May 18, 2021.
             Slain by Blork the orc
             ... wielding a +2 trident of distortion
              (17 damage)
             ... on level 4 of the Dungeon.
             The game lasted 00:02:00 (2472 turns).

leviel the Chopper (Minotaur Fighter)               Turns: 2472, Time: 00:02:01

Health: -2/45      AC:  6    Str: 22    XL:     5   Next: 20%
Magic:  4/4        EV:  7    Int:  5    God:
Gold:   168        SH:  9    Dex:  9    Spells: 4/4 levels left

rFire    . . .     SeeInvis .   a - +0 war axe
rCold    . . .     Faith    .   c - +0 kite shield
rNeg     . . .     Spirit   .   b - +0 scale mail
rPois    .         Reflect  .   (helmet restricted)
rElec    .         Harm     .   (no cloak)
rCorr    .         Rampage  .   (no gloves)
Will     .....                  (no boots)
Stlth    ..........             (no amulet)
HPRegen  0.15/turn              (no ring)
MPRegen  0.09/turn              (no ring)

@: mighty
A: horns 2, retaliatory headbutt
a: no special abilities


You were on level 4 of the Dungeon.
You visited 1 branch of the dungeon, and saw 4 of its levels.

You collected 168 gold pieces.

Inventory:

Hand Weapons
 a - a +0 war axe (weapon)
Missiles
 h - a throwing net (quivered)
Armour
 b - a +0 scale mail (worn)
 c - a +0 kite shield (worn)
Scrolls
 e - a scroll of noise {unknown}
 f - 5 scrolls of magic mapping {unknown}
 g - a scroll of holy word {unknown}
 i - 3 scrolls of identify {unknown}
 j - a scroll of enchant weapon {unknown}
Potions
 d - 2 potions of might


   Skills:
 - Level 3.6 Fighting
 + Level 6.6 Axes
 - Level 3.6 Armour
 - Level 3.6 Shields


You had 4 spell levels left.
You didn't know any spells.
Your spell library was empty.

Dungeon Overview and Level Annotations

Branches:
Dungeon (4/15)
 Temple: D:4-7

Altars:
Qazlal

Shops:
D:1 *

Annotations:
D:4 Blork the orc


Innate Abilities, Weirdness & Mutations

You have a pair of horns on your head.
You reflexively headbutt those who attack you in melee.


Message History

You start resting.
HP restored.
You start waiting.
Done waiting.
It was a potion of brilliance.
You feel clever all of a sudden.
It was a potion of cancellation.
Your magical effects are unravelling.
You feel magically purged.
You feel a little less clever now.
A phantom comes into view.
A phantom is nearby!
A phantom is nearby!
You block the phantom's attack.
You miss the phantom. The phantom hits you.
You miss the phantom. The phantom hits you.
The phantom hits you but does no damage.
You slash the phantom!
The phantom is heavily damaged.
The phantom hits you.
You hit the phantom but do no damage.
The phantom is heavily damaged.
You block the phantom's attack. The phantom hits you.
The phantom blinks!
You blink.
Blork the orc comes into view.
He is wielding a +2 trident of distortion.
You slash the phantom! Your headbutt misses the phantom.
The phantom is severely damaged.
The phantom hits you.
The phantom blinks!
You blink.
You feel very mighty all of a sudden.
Blork the orc hits you from afar with a +2 trident of distortion.
Space warps horribly around you! You block the phantom's attack.
You are too injured to fight recklessly!
You are too injured to fight recklessly!
Unknown command.
You are too injured to fight recklessly!
You closely miss the phantom. You headbutt the phantom!
You destroy the phantom!
Blork the orc hits you from afar with a +2 trident of distortion!
Space warps horribly around you!
You die...

#######+##
#........#
#...o.@..#
#........#
#........#
#.§......########
#§.......#........
#........#........
###.....##........
#.#.............
.#.............


You could see Blork the orc.

Vanquished Creatures
  A black bear (D:4)
  A phantom (D:4)
  5 orcs
  4 ball pythons
  6 endoplasms
  A giant cockroach (D:1)
  6 goblins
  3 hobgoblins
  5 jackals
  2 kobolds
  6 quokkas
  8 bats
  2 frilled lizards (D:1)
  7 rats
57 creatures vanquished.

Notes
Turn   | Place    | Note
-------+----------+-------------------------------------------
     0 | D:1      | leviel the Minotaur Fighter began the quest for the Orb.
     0 | D:1      | Reached XP level 1. HP: 19/19 MP: 0/0
    94 | D:1      | Reached skill level 3 in Axes
   299 | D:1      | Reached XP level 2. HP: 26/26 MP: 1/1
   424 | D:1      | Reached skill level 4 in Axes
   686 | D:1      | Reached XP level 3. HP: 31/31 MP: 2/2
   711 | D:1      | Found Aruom's General Store.
  1687 | D:3      | Reached skill level 5 in Axes
  1707 | D:3      | Found a stormy altar of Qazlal.
  2138 | D:4      | Reached XP level 4. HP: 39/39 MP: 3/3
  2191 | D:4      | Noticed a black bear
  2199 | D:4      | Killed a black bear
  2200 | D:4      | Reached skill level 6 in Axes
  2200 | D:4      | Reached XP level 5. HP: 21/45 MP: 4/4
  2462 | D:4      | Noticed a phantom
  2470 | D:4      | Noticed Blork the orc
  2472 | D:4      | Killed a phantom
  2472 | D:4      | Slain by Blork the orc

Illustrated notes

Levels and vault maps discovered:
D:1:      nagdon_arrival_zigzag_paths, layout_loops_ring, serial_shops,
          nicolae_shop_window_shopping, minmay_misc_feat_iff
D:2:      layout_rooms
D:3:      layout_loops_ring, lemuel_crystal_altar
D:4:      layout_basic, uniq_blork_the_orc

Skill      XL: |  1  2  3  4 |
---------------+-------------+-----
Axes           | 3 4 5 6 |  6.6
Fighting       | |  3.6
Armour         | |  3.6
Shields        | |  3.6

Action                   |  1- 3 |  4- 6 || total
-------------------------+-------+-------++-------
Melee: War axe           |   110 |    13 ||   123
       Headbutt          |    14 |     3 ||    17
  Use: Potion            |     1 |     3 ||     4
Armor: Scale mail        |    39 |     6 ||    45
Dodge: Dodged            |    34 |       ||    34
Block: Kite shield       |    62 |    10 ||    72

Table legend: (Time is in decaauts)
 A = Elapsed time spent in this place.
 B = Non-inter-level travel time spent in this place.
 C = Inter-level travel time spent in this place.
 D = Time resting spent in this place.
 E = Time spent auto-exploring this place.
 F = Levels seen in this place.
 G = Mean time per level.
                   A        B        C        D        E       F      G
               +--------+--------+--------+--------+--------+-----+--------+
         Total |   2531 |   2378 |    153 |    257 |   1799 |   4 |  632.8 |
       Dungeon |   2531 |   2378 |    153 |    257 |   1799 |   4 |  632.8 |
               +--------+--------+--------+--------+--------+-----+--------+

Top non-repeatable levels by time:
     D:1: 944 daAuts
     D:3: 718 daAuts
     D:4: 474 daAuts
     D:2: 394 daAuts
